 Dungeon Crawl Stone Soup version 0.20-a0-537-g052e6ba (webtiles) character file.

166 wazuzu the Skirmisher (level 5, -7/55 HPs)
             Began as an Ogre Wizard on Jan 28, 2017.
             Was an Initiate of Ashenzari.
             Mangled by wazuzu's ghost (9 damage)
             ... on level 3 of the Dungeon.
             The game lasted 00:10:47 (2618 turns).

wazuzu the Skirmisher (Ogre Wizard)                 Turns: 2618, Time: 00:10:48

Health: -7/55      AC:  4    Str: 11    XL:     5   Next: 47%
Magic:  0/11       EV: 10    Int: 20    God:    Ashenzari [......]
Gold:   95         SH:  0    Dex:  7    Spells: 11/12 levels left

rFire    . . .     SeeInvis .   t - +1 hunting sling
rCold    . . .     Gourm    .   a - +0 robe
rNeg     . . .     Faith    .   (no shield)
rPois    .         Spirit   .   b - +1 hat
rElec    .         Reflect  .   (no cloak)
rCorr    .         Harm     .   (gloves unavailable)
MR       .....                  (boots unavailable)
Stlth    +.........             (no amulet)
Regen    0.2/turn               (no ring)
                                (no ring)

@: no status effects
A: unfitting armour, tough skin 1
a: Curse Item, Renounce Religion


You were on level 3 of the Dungeon.
You worshipped Ashenzari.
Ashenzari was noncommittal.
You were not hungry.

You visited 1 branch of the dungeon, and saw 3 of its levels.

You collected 95 gold pieces.

Inventory:

Hand Weapons
 f - a +0 dagger
 t - a +1 hunting sling (weapon)
Missiles
 l - 37 stones (quivered)
 r - 9 sling bullets
Armour
 a - a +0 robe (worn)
 b - a +1 hat (worn)
Jewellery
 o - an uncursed ring of flight
Scrolls
 e - 2 scrolls of amnesia
 g - 2 scrolls of remove curse
 h - a scroll of identify
 n - a scroll of teleportation
Potions
 i - a potion of curing {unknown}
 k - a potion of resistance {unknown}
 m - a potion of heal wounds {unknown}
 p - 2 potions of might {unknown}
 q - a potion of flight {unknown}
 u - 2 potions of brilliance
Books
 c - a book of Minor Magic

   Spells                             Type                      Level
   a - Magic Dart                     Conjuration                  1
   b - Blink                          Translocation                2
   c - Call Imp                       Summoning                    2
   d - Repel Missiles                 Charms/Air                   2
   e - Slow                           Hexes                        2
   f - Conjure Flame                  Conjuration/Fire             3
   g - Mephitic Cloud                 Conjuration/Poison/Air       3
Comestibles
 d - 2 bread rations
 j - a chunk of flesh
 v - 4 fruits


   Skills:
 + Level 4.4 Fighting
 - Level 1.7 Dodging
 - Level 1.4 Stealth
 - Level 4.2 Spellcasting
 - Level 2.8 Conjurations
   Level 0.8 Summonings
   Level 0.8 Translocations


You had 11 spell levels left.
You knew the following spells:

 Your Spells              Type           Power        Failure   Level  Hunger
a - Magic Dart            Conj           ###.         4%          1    None


Dungeon Overview and Level Annotations

Branches:
Dungeon (3/15)

Altars:
Ashenzari

Annotations:
D:3 wazuzu's ghost, amateur OgWz


Innate Abilities, Weirdness & Mutations

You are too large for most types of armour.
You have tough skin. (AC +1)


Message History

[Y]es or [N]o only, please.
Really attack while wielding your +1 hunting sling? [Y]es or [N]o only, please.
Really attack while wielding your +1 hunting sling?
Okay, then.
Firing (i - inventory. (,) - cycle):
l - 39 stones (quivered)
Press: ? - help, Shift-Dir - straight line, f/p - wazuzu's ghost
Aim: wazuzu's ghost (almost destroyed)
You shoot a stone.
The stone closely misses wazuzu's ghost.
The stone closely misses the frilled lizard.
Wazuzu's ghost barely misses you.
Firing (i - inventory. (,) - cycle):
l - 38 stones (quivered)
Press: ? - help, Shift-Dir - straight line, f/p - wazuzu's ghost
Aim: wazuzu's ghost (almost destroyed)
You shoot a stone.
The stone closely misses wazuzu's ghost.
The stone hits the frilled lizard but does no damage.
Wazuzu's ghost hits you!
You die...

.... # ..... .# #+
.....######.# .....
........(...#......
...................######
((.(.()..# #.........
.......#l# #.........
.......#W# #.# #.........
########@# #.###......... #.#
#...#......... #.#
#...#......... ##########
###.###...#.........
.))......###
#....##...+.........
#####......#
#....##.).#.........
#.##.#.###....##.#.#.........
#.##.#.......................
#.##.#####.......#.....######


You could see wazuzu's ghost and a frilled lizard.

Vanquished Creatures
  An orc wizard (D:3)
  3 gnolls
  6 adders
  An ooze (D:2)
  A worm (D:2)
  A dart slug (D:2)
  A leopard gecko (D:3)
  2 orcs (D:3)
  A giant cockroach (D:1)
  6 goblins
  2 hobgoblins (D:2)
  5 kobolds
  3 quokkas
  A ball python (D:3)
  6 bats
  3 frilled lizards
  7 rats
50 creatures vanquished.

Notes
Turn   | Place    | Note
-------+----------+-------------------------------------------
     0 | D:1      | wazuzu the Ogre Wizard began the quest for the Orb.
     0 | D:1      | Reached XP level 1. HP: 16/16 MP: 5/5
    11 | D:1      | Reached skill level 1 in Conjurations
   298 | D:1      | Reached XP level 2. HP: 19/24 MP: 6/6
   744 | D:2      | Reached XP level 3. HP: 31/31 MP: 0/8
  1043 | D:2      | Found a shattered altar of Ashenzari.
  1152 | D:2      | Became a worshipper of Ashenzari the Shackled
  1370 | D:2      | Reached XP level 4. HP: 39/39 MP: 0/10
  1732 | D:3      | Noticed wazuzu's ghost (amateur OgWz)
  1776 | D:3      | Reached XP level 5. HP: 47/53 MP: 2/11
  2616 | D:3      | HP: 2/55 [wazuzu's ghost (4)]
  2618 | D:3      | Mangled by wazuzu's ghost

Vault maps used:
D:1:      lightli_arrival_boilingwater
D:2:      ashenzari_conservatory_becter

Skill      XL: |  1  2  3  4  5 |
---------------+----------------+-----
Conjurations   | 1 2 |  2.8
Spellcasting   | 4 |  4.2
Fighting       | 3 4 |  4.4
Dodging        | |  1.7
Stealth        | |  1.4
Summonings     | |  0.8
Translocations | |  0.8

Action                   |  1- 3 |  4- 6 || total
-------------------------+-------+-------++-------
Melee: Dagger            |    55 |       ||    55
 Fire: Hunting sling     |       |    46 ||    46
 Cast: Magic Dart        |    36 |    64 ||   100
  Use: Scroll            |       |     6 ||     6
  Eat: Chunk             |     1 |     4 ||     5
Armor: Robe              |    30 |    11 ||    41
Dodge: Dodged            |    40 |    16 ||    56
